Map: Ultralove

Players

OrKait

  • Race: Protoss Protoss
  • League: Master
  • Spawn Location: 1:00

ManlyManMeat - Winner!

  • Race: Zerg Zerg
  • Spawn Location: 7:00

VOD

Have the link to the VOD?

Description

Time

  • Played on: May 14, 2025, 2:15 p.m.
  • Length: 8:23
Show
View Real Time Build Order
Export as new Build Order

OrKait Protoss 

Build Orders:  

Get SALT Encoding   

  12  0:01  Probe  
  13  0:15  Probe  
  13  0:20  Pylon  
  14  0:23  Probe  
  15  0:38  Probe  
  16  0:43  Gateway  
  16  0:50  Assimilator, Probe  
  17  0:59  Assimilator  
  17  1:01  Probe  
  18  1:09  Probe  
  19  1:24  Probe  
  20  1:36  Probe  
  21  1:40  Cybernetics Core  
  21  1:48  Probe  
  22  2:01  Probe  
  23  2:08  Pylon  
  23  2:17  Nexus  
  23  2:24  Pylon  
  23  2:26  Probe  
  24  2:34  Twilight Council  
  24  2:38  Probe  
  25  2:47  Gateway  
  25  2:59  Gateway  
  21  3:13  Pylon  
  11  3:36  Warp Gate  
  11  3:41  Probe x2  
  12  3:49  Probe  
  12  3:54  Probe  
  14  3:56  Zealot  
  16  4:12  Probe  
  17  4:19  Stalker  
  17  4:20  Probe  
  20  4:30  Probe  
  20  4:33  Probe  
  22  4:45  Probe  
  23  4:47  Dark Shrine  
  23  4:48  Probe  
  24  4:57  Probe  
  25  5:08  Probe  
  25  5:09  Probe  
  25  5:10  Robotics Facility  
  27  5:30  Charge  
  27  5:32  Probe x2  
  29  5:38  Assimilator  
  29  5:41  Probe  
  29  5:44  Probe  
  29  5:49  Probe  
  31  5:53  Assimilator  
  31  5:56  Probe  
  31  6:02  Zealot x2  
  31  6:04  Zealot, Immortal  
  29  6:27  Probe  
  29  6:28  Probe  
  31  6:36  Probe  
  32  6:40  Probe  
  32  6:44  Probe  
  34  7:01  Gateway  
  34  7:03  Gateway  
  34  7:13  Dark Templar  
  34  7:14  Dark Templar  
  37  7:23  Probe x2  
  39  7:35  Probe x2  
  41  7:47  Probe  
  42  7:57  Stalker x2  
  42  7:58  Stalker x2  
  32  8:17  Stalker  
Show
View Real Time Build Order
Export as new Build Order

ManlyManMeat Zerg - Winner!

Build Orders: Hatch First 

Get SALT Encoding   

  12  0:08  Overlord  
  12  0:15  Drone  
  12  0:16  Drone  
  14  0:32  Drone x2  
  16  0:48  Hatchery  
  15  0:53  Drone  
  16  1:08  Drone, Spawning Pool  
  16  1:22  Drone x2  
  18  1:26  Extractor  
  18  1:29  Extractor  
  18  1:32  Evolution Chamber  
  15  1:36  Drone, Evolution Chamber  
  15  1:45  Drone  
  16  1:55  Queen  
  16  1:58  Zergling x2  
  16  2:01  Drone  
  20  2:07  Drone  
  21  2:11  Zergling x2  
  22  2:16  Drone  
  23  2:27  Queen  
  25  2:41  Overlord  
  25  2:43  Drone  
  25  2:44  Drone  
  27  2:45  Drone  
  28  2:54  Baneling Nest  
  27  3:03  Lair  
  26  3:14  Zergling x2  
  26  3:15  Zergling x4  
  29  3:35  Drone x6  
  34  3:53  Overlord  
  34  3:55  Overlord  
  34  3:57  Drone x2  
  36  4:19  Hatchery  
  36  4:21  Queen  
  37  4:31  Drone  
  37  4:32  Drone x2  
  37  4:33  Drone  
  37  4:35  Drone  
  37  4:37  Drone  
  43  4:47  Overlord  
  43  4:50  Zergling x10  
  48  5:10  Drone  
  48  5:12  Spire  
  48  5:35  Drone  
  49  5:36  Drone x8  
  57  5:45  Extractor x2  
  55  5:56  Overlord x4  
  52  6:15  Pneumatized Carapace  
  52  6:24  Drone x5  
  52  6:25  Drone x5  
  60  6:36  Queen  
  60  6:39  Overlord  
  62  6:40  Overlord x2  
  62  6:43  Mutalisk  
  62  6:44  Mutalisk x6  
  76  6:57  Spire  
  75  7:02  Drone x6  
  75  7:03  Drone x3  
  84  7:11  Queen  
  84  7:43  Overlord  
  79  7:48  Overlord  
  76  7:51  Zergling x2  
  76  7:52  Zergling x22  
  86  8:07  Overseer  
  86  8:09  Overseer  
Tags
 
League
Master
Matchup
PvZ
Spawn Locations
Cross Positions
Add a new tag
Caveats
  • Supply blocks, unpowered buildings, or Contaminate may cause inaccurate times.
  • Supply counts are checked every 10 seconds.